 Dungeon Crawl Stone Soup version 0.27.1 (webtiles) character file.

Game seed: 3437358669401518520

17 nxtlvl the Cutter (level 2, 0/18 HPs)
             Began as a Deep Elf Monk on Aug 29, 2021.
             Succumbed to a gnoll's poison
             ... on level 4 of the Dungeon.
             The game lasted 00:06:28 (508 turns).

nxtlvl the Cutter (Deep Elf Monk)                    Turns: 508, Time: 00:06:28

Health: 0/18       AC:  6    Str: 10    XL:     2   Next: 44%
Magic:  4/4        EV: 13    Int: 20    God:
Gold:   16         SH:  0    Dex: 17    Spells: 0/1 levels left

rFire    . . .     SeeInvis .   a - +0 short sword
rCold    . . .     Faith    .   (no shield)
rNeg     . . .     Spirit   +   c - +0 leather armour
rPois    .         Reflect  .   (no helmet)
rElec    .         Harm     .   (no cloak)
rCorr    .         Rampage  .   (no gloves)
Will     .....                  (no boots)
Stlth    ++........             z - amulet of guardian spirit
HPRegen  0.06/turn              p - +6 ring of intelligence
MPRegen  0.09/turn              (no ring)

@: lethally poisoned (0 -> -5)
A: iridescent scales 1, shaggy fur 1, strong 1, MP-powered wands
a: no special abilities


You were on level 4 of the Dungeon.
You visited 1 branch of the dungeon, and saw 4 of its levels.

You collected 16 gold pieces.

Inventory:

Hand Weapons
 a - a +0 short sword (weapon)
 e - a +0 hunting sling
Armour
 c - a +0 leather armour (worn)
Jewellery
 p - a +6 ring of intelligence (left hand)
 z - an amulet of guardian spirit (around neck)
Scrolls
 b - a scroll of identify {unknown}


   Skills:
 - Level 2.4 Fighting
 * Level 3.8 Short Blades
 - Level 3.6 Dodging
 - Level 2.4 Stealth
 + Level 0.1 Conjurations
 + Level 0.1 Fire Magic


You couldn't memorise any spells.
You knew the following spells:

 Your Spells              Type           Power      Damage    Failure   Level
z - Foxfire               Conj/Fire      0%         2x1d4     26%         1

Your spell library contained the following spells:

 Spells                   Type           Power      Damage    Failure   Level
 Conjure Flame            Conj/Fire      0%         6-21      58%         3
 Inner Flame              Hex/Fire       0%         N/A       58%         3


Dungeon Overview and Level Annotations

Branches:
Dungeon (4/15)
 Temple: D:4-7

Altars:
Ru

Annotations:
D:2 Terence


Innate Abilities, Weirdness & Mutations

You are partially covered in iridescent scales. (AC +2)
You are covered in fur. (AC +1)
Your muscles are strong. (Str +2)
You expend magic power (3 MP) to strengthen your wands.


Message History

You climb downwards.
There is a stone staircase leading up here.
You feel clever.
f - a +6 ring of intelligence (left hand) Adjust (i)tems, (s)pells, or (a)bilities?
f - a +6 ring of intelligence (left hand) Adjust to which letter? (? for menu, Esc to quit)
p - a +6 ring of intelligence (left hand)
Casting: Foxfire (safe; 26% risk of failure)
Confirm with . or Enter, or press ? or * to list all spells.
Okay, then.
Unknown command.
A gnoll comes into view. It is wielding a +0 whip.
A gnoll comes into view.
It is wielding a +0 flail and quivering poisoned darts.
The gnoll shouts!
A gnoll comes into view. It is wielding a +0 spear.
The gnoll throws a poisoned dart.
The poisoned dart misses you.
There is a stone staircase leading down here.
The gnoll throws a poisoned dart.
The poisoned dart hits you!
You are lethally poisoned!
You climb downwards.
* * * LOW HITPOINT WARNING * * *
You feel very sick.
The orc shouts!
You hear a shout!
A goblin comes into view. It is wielding a +0 club.
An orc comes into view. It is wielding a +0 mace.
The orc wizard shouts!
Found a dagger.
There is a stone staircase leading up here.
It was a potion of mutation.
You feel extremely strange.
You feel your magical essence link to the dungeon's wands.
Fur sprouts all over your body.
Iridescent scales grow over part of your body.
You feel stronger.
* * * LOW HITPOINT WARNING * * *
You feel sick.
The orc shouts!
* * * LOW HITPOINT WARNING * * *
You feel sick.
You die...

#.... ... #..
... .. #.#
..# ####.#
#.#@.#
###..)##
#..<### #...#
.......
...≈≈.....
.........≈g
≈≈≈≈≈≈≈o≈.≈≈
≈≈≈≈≈≈≈o≈o≈≈≈


There were no monsters in sight!

Vanquished Creatures
  A dart slug (D:2)
  2 orcs (D:3)
  An endoplasm (D:3)
  A giant cockroach (D:2)
  A hobgoblin (D:2)
  A quokka (D:2)
  A ball python (D:2)
  A bat (D:2)
  2 frilled lizards (D:2)
  3 rats
14 creatures vanquished.

Notes
Turn   | Place    | Note
-------+----------+-------------------------------------------
     0 | D:1      | nxtlvl the Deep Elf Monk began the quest for the Orb.
     0 | D:1      | Reached XP level 1. HP: 13/13 MP: 3/3
     8 | D:1      | You fall into a shaft and drop 1 floor!
   149 | D:2      | Reached XP level 2. HP: 10/18 MP: 4/4
   205 | D:3      | Found a sacrificial altar of Ru.
   309 | D:2      | Noticed Terence
   323 | D:3      | Learned a level 1 spell: Foxfire
   506 | D:4      | Gained mutation: You expend magic power (3 MP) to
                  | strengthen your wands. [potion of mutation]
   506 | D:4      | Gained mutation: You are covered in fur. (AC +1) [potion of
                  | mutation]
   506 | D:4      | Gained mutation: You are partially covered in iridescent
                  | scales. (AC +2) [potion of mutation]
   506 | D:4      | Gained mutation: Your muscles are strong. (Str +2) [potion
                  | of mutation]
   508 | D:4      | Succumbed to a gnoll's poison

Illustrated notes

Levels and vault maps discovered:
D:1:      dpeg_arrival_ratfight, layout_basic, chequers_ecumenical_altar_simple,
          serial_bayou, serial_bayou_shore_a, serial_bayou_lagoon_b,
          serial_bayou_crossing, serial_bayou_ford_a, minmay_surrounded
D:2:      kennysheep_big_flooded_room, layout_basic, uniq_terence, uniq_sigmund
D:3:      layout_loops_cross, nicolae_ru_path_of_blood
D:4:      layout_rooms, nicolae_overflow_hidden_temple, serial_rivers,
          chequers_serial_rivers_micro_e, chequers_serial_rivers_small_3,
          chequers_serial_rivers_room_a, chequers_serial_rivers_small_3,
          roderic_batcave, minmay_diced_spiral

Action                   || total
-------------------------++-------
Melee: Short sword       ||    58
  Use: Potion            ||     1
 Stab: Sleeping          ||     1
Armor: Robe              ||     2
       Ring mail         ||     6
       Leather armour    ||     1
Dodge: Dodged            ||    24
